 Dungeon Crawl Stone Soup version 0.24-a0-251-g44e327ef01 (webtiles) character file.

Game seed: 13981182276474221890

41 Redear the Skirmisher (level 3, -2/26 HPs)
             Began as an Octopode Fighter on Apr 16, 2019.
             Slain by a gnoll
             ... wielding a +0 spear
              (3 damage)
             ... on level 2 of the Dungeon.
             The game lasted 00:01:07 (1087 turns).

Redear the Skirmisher (Octopode Fighter)            Turns: 1087, Time: 00:01:07

Health: -2/26      AC:  1    Str: 15    XL:     3   Next: 52%
Magic:  3/3        EV: 14    Int: 10    God:
Gold:   50         SH:  0    Dex: 12    Spells: 2/2 levels left

rFire    . . .     SeeInvis +   a - +0 long sword
rCold    . . .     Gourm    .   (no shield)
rNeg     . . .     Faith    .   (helmet restricted)
rPois    .         Spirit   .   (no amulet)
rElec    .         Reflect  .   s - ring of see invisible {SInv}
rCorr    .         Harm     .   (no ring)
MR       .....                  (no ring)
Stlth    +++.......             (no ring)
HPRegen  0.08/turn              (no ring)
MPRegen  0.08/turn              (no ring)
                                (no ring)
                                (no ring)

@: no status effects
A: almost no armour, stealthy swim, amphibious, 8 rings, constrict 8, camouflage
1, gelatinous body 1
a: no special abilities


You were on level 2 of the Dungeon.
You were hungry.

You visited 1 branch of the dungeon, and saw 2 of its levels.

You collected 50 gold pieces.

Inventory:

Hand Weapons
 a - a +0 long sword (weapon)
Armour
 b - a +0 shield
Jewellery
 s - a ring of see invisible (left tentacle) {SInv}
Scrolls
 d - a scroll of blinking {unknown}
 e - a scroll of immolation {unknown}
 f - a scroll of fog {unknown}
 h - a scroll of enchant armour {unknown}
Potions
 c - a potion of might {Str+5 DMG+1d10 | @q3}
 g - a potion of heal wounds {unknown}
Comestibles
 z - 2 rations


   Skills:
 + Level 3.3 Fighting
 + Level 2.4 Long Blades
 + Level 3.3 Dodging
 + Level 1.5 Stealth
 + Level 3.3 Shields


You had 2 spell levels left.
You didn't know any spells.
Your spell library was empty.

Dungeon Overview and Level Annotations

Branches:
Dungeon (2/15)

Altars:


Innate Abilities, Weirdness & Mutations

You cannot wear most types of armour.
You are very stealthy in the water. (Stealth+)
You are amphibious.
You can wear up to eight rings at the same time.
You can use your tentacles to constrict eight enemies at once.
Your skin changes colour to match your surroundings (Stealth+).
Your rubbery body absorbs attacks. (AC +1, EV +1)


Message History

The gnoll hits you with a +0 club.
You take 4 damage, and have 18/26 hp.
Unknown command.
You struggle against the net.
You are feeling hungry.
The ooze hits you.
The gnoll hits you from afar with a +0 spear.
The gnoll hits you with a +0 club.
* * * LOW HITPOINT WARNING * * *
You take 11 damage, and have 7/26 hp.
MASSIVE DAMAGE!!
You tear a large gash into the net.
The ooze hits you.
* * * LOW HITPOINT WARNING * * *
The gnoll barely misses you.
You take 3 damage, and have 4/26 hp.
Unknown command.
You shred the net and break free! The gnoll closely misses you.
The ooze hits you.
* * * LOW HITPOINT WARNING * * *
The gnoll hits you from afar with a +0 spear.
You die...

#...####...'...#.#.
#.........)##8#.8.#
..........## # #
#.....#..##
#.#.......##
###.#$..#....##
######.....#.......##
#.<...>..#.#........#
......g@##.##.#######
.....KgJ#..##..
>......g..###.##
.......... #.#
.........#. #$#
...(.....#..#.#
........## .#
........# !


You could see 2 gnolls, an ooze, a hobgoblin and a kobold.

Vanquished Creatures
  A gnoll (D:2)
  An adder (D:2)
  A dart slug (D:1)
  3 bats (D:2)
  4 goblins
  3 hobgoblins
  2 kobolds
  A quokka (D:2)
  3 rats (D:1)
19 creatures vanquished.

Notes
Turn   | Place    | Note
-------+----------+-------------------------------------------
     0 | D:1      | Redear the Octopode Fighter began the quest for the Orb.
     0 | D:1      | Reached XP level 1. HP: 16/16 MP: 1/1
    76 | D:1      | Reached XP level 2. HP: 10/21 MP: 2/2
   781 | D:2      | Reached skill level 1 in Stealth
   781 | D:2      | Reached XP level 3. HP: 20/26 MP: 3/3
  1087 | D:2      | HP: 1/26 [ooze (3)]
  1087 | D:2      | Slain by a gnoll

Levels and vault maps discovered:
D:1:      dpeg_arrival_renting, layout_basic
D:2:      layout_rooms, elyvilon_altar_5, serial_corexii_hall,
          chequers_hall_statues_y, corexii_hall_statues_i, wad_orctagon,
          uniq_terence

Skill      XL: |  1  2 |
---------------+-------+-----
Stealth        | 1 |  1.5
Fighting       | |  3.3
Long Blades    | |  2.4
Dodging        | |  3.3
Shields        | |  3.3

Action                   || total
-------------------------++-------
Melee: Long sword        ||    31
       Constrict         ||     7
       Tentacles         ||     4
 Stab: Sleeping          ||     2
Armor: Skin              ||     2
Dodge: Dodged            ||    29
       Rpst.: Long sword ||     7

Table legend:
 A = Non-vault XP
 B = Vault XP
 C = Vault XP percentage of total XP
 D = Non-vault monster count
 E = Vault monster count
 F = Vault count percentage of total count
                 A         B        C        D         E       F
            +---------+---------+-------+---------+---------+-------
      Total |      59 |       0 |   0.0 |      19 |       0 |   0.0
            +---------+---------+-------+---------+---------+-------
        D:1 |      19 |       0 |   0.0 |      10 |       0 |   0.0
        D:2 |      40 |       0 |   0.0 |       9 |       0 |   0.0
            +---------+---------+-------+---------+---------+-------
